 Dungeon Crawl Stone Soup version 0.31.0-32-g396128a36d (webtiles) character file.

Game seed: 15423553469814875310

128 nshep25 the Ruffian (level 4, -6/32 HPs)
             Began as a Demonspawn Shapeshifter on Mar 8, 2024.
             Mangled by a gnoll
             ... wielding a +0 flail
             ... led by a gnoll bouda
              (10 damage)
             ... on level 4 of the Dungeon.
             The game lasted 00:05:02 (2167 turns).

nshep25 the Ruffian (Demonspawn Shapeshifter)       Turns: 2167, Time: 00:05:03

Health: -6/32      AC:  3    Str: 17    XL:     4   Next: 87%
Magic:  4/4        EV: 12    Int: 10    God:
Gold:   179        SH:  0    Dex: 12    Spells: 3/3 levels left

rFire   . .          .
                       - Unarmed
rCold   . . .        (no shield)
rNeg    . . .        a - +0 animal skin
rPois   .            (helmet currently unavailable)
rElec   .            (cloak currently unavailable)
rCorr   .            (gloves currently unavailable)
SInv    .            (boots currently unavailable)
Will    .....        (no amulet)
Stlth   +            (no ring)
HPRegen 0.25/turn    (no ring)
MPRegen 0.09/turn

%: no passive effects
@: beast-form, weakened
A: beast (slay +2), powered by death 2, sharp scales 1
a: Begin Untransformation


You were on level 4 of the Dungeon.
You were a hulking beast.
You visited 1 branch of the dungeon, and saw 4 of its levels.

You collected 179 gold pieces.

Inventory:

Armour
 a - a +0 animal skin (worn)
Talismans
 c - a beast talisman
 d - a flux talisman
Wands
 p - a wand of polymorph (15)
Scrolls
 e - a scroll of teleportation {unknown}
 f - a scroll of identify {unknown}
 g - 2 scrolls of butterflies {unknown}
 h - a scroll of poison {unknown}
 i - 2 scrolls of enchant weapon {unknown}
 k - 2 scrolls of amnesia {unknown}
 m - a scroll of fear {unknown}
 n - a scroll of blinking {unknown}
Potions
 b - 2 potions of lignification
 j - a potion of might {unknown}
 l - a potion of curing {unknown}
 o - 2 potions of brilliance {unknown}


   Skills:
 + Level 1.3 Fighting
 + Level 2.1 Dodging
 + Level 0.1 Stealth
 + Level 4.0 Unarmed Combat
 * Level 3.6 Shapeshifting


You had 3 spell levels left.
You didn't know any spells.
Your spell library contained the following spells:

 Spells                   Type           Power      Damage    Failure   Level
 Sandblast                Erth           0%         2d4       36%         1
 Blink                    Tloc           0%         N/A       50%         2
 Jinxbite                 Hex            0%         N/A       50%         2
 Lesser Beckoning         Tloc           0%         N/A       50%         2
 Momentum Strike          Conj/Tloc      0%         3d8       50%         2
 Passwall                 Erth           0%         N/A       75%         3
 Stone Arrow              Conj/Erth      0%         3d7       75%         3
 Brom's Barrelling Bould  Conj/Erth      0%         2d3       98%         4
 Vhi's Electric Charge    Tloc/Air       0%         N/A       98%         4
 Arcjolt                  Conj/Air       0%         1d10      100%        5
 Yara's Violent Unravell  Hex/Alch       0%         3d3       100%        5
 Enfeeble                 Hex            0%         N/A       100%        7
 Maxwell's Capacitive Co  Air            0%         ∞         100%        8


Dungeon Overview and Level Annotations

Branches:
Dungeon (4/15)
 Temple: D:4-7

Altars:

Shops:
D:3 [


Innate Abilities, Weirdness & Mutations

You are a hulking beast.
Your limbs bulge with bestial killing power. (Slay +2)
You regenerate health from kills.
You are partially covered in razor-sharp scales. (AC +1, Slay +1)


Message History

Found 3 stones.
You now have 153 gold pieces (gained 7).
Found a stone staircase leading up.
You now have 168 gold pieces (gained 15).
You now have 179 gold pieces (gained 11).
Found a stone staircase leading down.
No target in view!
A gnoll comes into view. It is wielding a +0 halberd.
A gnoll is nearby!
A gnoll bouda and a gnoll come into view.
Found a clear potion.
The gnoll bouda shouts!
The gnoll bouda barks out a call to the hunt!
The gnolls pick up the pace!
A gnoll comes into view. It is wielding a +0 club.
The gnoll shouts!
Found a scroll labelled POPIKL WESEK.
You hear a shout!
A gnoll comes into view. It is wielding a +0 flail.
The gnoll attacks as it pursues you!
The gnoll hits you from afar with a +0 halberd!
The gnoll bouda gazes fiercely through you!
You feel your attacks grow feeble. The gnoll closely misses you.
The gnoll bouda gazes fiercely through you!
You feel as though you will be weak longer.
The gnoll attacks as it pursues you! The gnoll hits you but does no damage.
The gnoll closely misses you.
You closely miss the gnoll. The gnoll barely misses you.
The gnoll hits you with a +0 halberd!
* * * LOW HITPOINT WARNING * * *
You hit the gnoll.
The gnoll is lightly wounded.
The gnoll hits you with a +0 flail.
* * * LOW HITPOINT WARNING * * *
The gnoll barely misses you.
You hit the gnoll.
The gnoll is heavily wounded.
The gnoll hits you with a +0 flail!
You die...

.###.###.##### .....#
#.# ########.####
#........# #.....##.#
#.....##.## ###
#.....##..### ?.!
#.....###...#####.#####
#.....# ###..hg#......#
#.....# ####ggg.....#
#.....# ###g......
....... ....... .......
....... ....... .......


You could see a gnoll bouda and 4 gnolls.

Vanquished Creatures
  Jessica (D:2)
  Robin (D:2)
  3 dart slugs
  3 ribbon worms
  4 orcs (D:4)
  2 bats
  8 endoplasms
  4 giant cockroaches (D:2)
  15 goblins
  11 hobgoblins
  A kobold (D:2)
  5 ball pythons
  4 frilled lizards
  7 rats
  A butterfly (D:1)
70 creatures vanquished.

Notes
Turn   | Place    | Note
-------+----------+-------------------------------------------
     0 | D:1      | nshep25 the Demonspawn Shapeshifter began the quest for the
                  | Orb.
     0 | D:1      | Reached XP level 1. HP: 15/15 MP: 1/1
   244 | D:1      | Gained mutation: You regenerate a little health from kills.
                  | [demonic ancestry]
   244 | D:1      | Reached XP level 2. HP: 18/21 MP: 2/2
   514 | D:2      | Reached skill level 3 in Unarmed Combat
   552 | D:2      | Gained mutation: You are partially covered in razor-sharp
                  | scales. (AC +1, Slay +1) [demonic ancestry]
   552 | D:2      | Reached XP level 3. HP: 20/25 MP: 3/3
   562 | D:2      | Noticed Robin
   582 | D:2      | Killed Robin
  1084 | D:2      | Gained mutation: You regenerate health from kills. [demonic
                  | ancestry]
  1084 | D:2      | Reached XP level 4. HP: 32/32 MP: 4/4
  1162 | D:2      | Noticed Jessica
  1168 | D:2      | Killed Jessica
  1453 | D:3      | Identified the +4 short sword of the Real Monster {elec,
                  | Dex+4}
  1916 | D:3      | Found Dakesuut's Armour Emporium.
  1921 | D:3      | Reached skill level 4 in Unarmed Combat
  2167 | D:4      | Mangled by a gnoll

Illustrated notes

Levels and vault maps discovered:
D:1:      spicycebolla_arrival_clurvy, layout_rooms,
          chequers_serial_rivers_room_a, serial_bayou_lagoon_a, minmay_cupped
D:2:      kb_forest_paths, layout_basic, minmay_strange_pillars,
          minmay_fountain_box, minmay_tromino_v7, uniq_robin, uniq_jessica
D:3:      layout_basic, serial_shops, shop
D:4:      layout_basic, uniq_crazy_yiuf_cottage, uniq_natasha

Skill      XL: |  1  2  3  4 |
---------------+-------------+-----
Shapeshifting  | 3 |  3.6
Unarmed Combat | 3 4 |  4.0
Dodging        | 2 |  2.1
Fighting       | |  1.3
Stealth        | |  0.1

Action                     |  1- 3 |  4- 6 || total
---------------------------+-------+-------++-------
  Melee: Unarmed           |   132 |    59 ||   191
         Punch             |     3 |     3 ||     6
   Stab: Sleeping          |       |     1 ||     1
 Armour: Animal skin       |    62 |    29 ||    91
  Dodge: Dodged            |    71 |    27 ||    98
